 Dungeon Crawl Stone Soup version 0.23-a0-208-gb6b040f (webtiles) character file.

30737 Felrender the Protected (level 13, -1/99 HPs)
             Began as a Demonspawn Fighter on Sept 26, 2018.
             Was an Elder of Trog.
             Shot with an arrow by Nessos (2 damage)
             ... while paralysed
             ... on level 4 of the Lair of Beasts.
             The game lasted 00:37:23 (13043 turns).

Felrender the Protected (Demonspawn Fighter)       Turns: 13043, Time: 00:37:24

Health: -1/99      AC: 33    Str: 26    XL:     13   Next: 22%
Magic:  13/13      EV:  2    Int: 10    God:    Trog [****..]
Gold:   946        SH:  0    Dex: 13    Spells: 12/12 levels left

rFire    . . .     SeeInvis .   L - +5 scimitar (flame)
rCold    . . .     Gourm    .   (no shield)
rNeg     . . .     Faith    .   m - +0 plate armour
rPois    .         Spirit   .   q - +2 hat
rElec    .         Reflect  .   K - scarf {cloud immunity}
rCorr    .         Harm     .   h - +1 pair of gloves {archery}
MR       +++..                  w - +0 pair of boots
Stlth    ..........             e - amulet of regeneration
HPRegen  1.66/turn              g - ring of protection from magic
MPRegen  0.13/turn              k - +5 ring of strength

@: paralysed, lethally poisoned (-1 -> -8), sanguine armour, berserk cooldown,
regenerating, slowed, drained
A: antennae 2, nightstalker 1, powered by death 2, sanguine armour 3
a: Berserk, Trog's Hand, Brothers in Arms, Renounce Religion


You were on level 4 of the Lair of Beasts.
You worshipped Trog.
Trog was greatly pleased with you.
You were full.

You visited 5 branches of the dungeon, and saw 19 of its levels.

You collected 946 gold pieces.

Inventory:

Hand Weapons
 a - a +2 long sword
 i - the +3 quarterstaff of the Heavens {flame, rN+}
   (You found it on level 5 of the Dungeon)

   It has been specially enchanted to burn those struck by it, causing extra
   injury to most foes and up to half again as much damage against particularly
   susceptible opponents.
   It protects you from negative energy.
 J - a +7 double sword
 L - a +5 scimitar of flaming (weapon)
Missiles
 C - 4 tomahawks (quivered)
Armour
 h - a +1 pair of gloves of archery (worn)
 m - a +0 plate armour (worn)
 q - a +2 hat (worn)
 w - a +0 pair of boots (worn)
 K - a scarf of cloud immunity (worn)
Jewellery
 e - an amulet of regeneration (around neck)
 g - a ring of protection from magic (left hand)
 k - a +5 ring of strength (right hand)
 B - an uncursed ring of see invisible
 D - an uncursed ring of fire {unknown}
 E - an uncursed ring of ice {unknown}
 H - an uncursed ring of see invisible
 M - a cursed -3 ring of dexterity {unknown}
Wands
 c - a wand of disintegration (21)
 d - a wand of acid (27)
 n - a wand of digging (26)
 t - a wand of random effects (18)
 y - a wand of iceblast (7)
 z - a wand of flame (40)
Scrolls
 b - a scroll of noise
 f - a scroll of magic mapping
 l - 9 scrolls of teleportation
 p - a scroll of remove curse
 s - a scroll of fog
Potions
 j - 4 potions of agility
 o - a potion of invisibility
 r - a potion of haste
 u - 2 potions of magic {unknown}
 x - a potion of mutation {unknown}
 A - 2 potions of lignification {unknown}
 F - a potion of flight {unknown}
 I - a potion of brilliance {unknown}
 N - a potion of resistance
 O - a potion of might
 P - a potion of curing
Comestibles
 v - 12 rations


   Skills:
 + Level 8.7(8.5) Fighting
 + Level 10.4(10.2) Long Blades
 + Level 10.2(10.0) Staves
 + Level 0.3(0.1) Throwing
 + Level 11.2(11.0) Armour
 + Level 2.2(2.1) Dodging
 + Level 2.9(2.7) Stealth
   Level 5.5(5.3) Shields
 + Level 4.2(4.0) Unarmed Combat
 + Level 0.5(0.4) Evocations


You had 12 spell levels left.
You didn't know any spells.
Your spell library was empty.

Dungeon Overview and Level Annotations

Branches:
Dungeon (11/15)            Temple (1/1) D:6            Lair (4/6) D:11
  Swamp (0/4) Lair:4       Spider (1/4) Lair:2          Orc (2/2) D:10
    Elf: Orc:2

Altars:
Ashenzari
Cheibriados
Dithmenos
Elyvilon
Fedhas
Gozag
Hepliaklqana
Kikubaaqudgha
Makhleb
Nemelex Xobeh
Okawaru
Qazlal
Ru
Sif Muna
Trog
Uskayaw
Vehumet
Wu Jian
Xom
Yredelemnul
Zin
The Shining One

Annotations:
Lair:4 Nessos


Innate Abilities, Weirdness & Mutations

You have a pair of antennae on your head.
You are slightly more attuned to the shadows.
You regenerate health from kills.
When seriously injured, your bleeding wounds create very thick armour. (AC +12)


Message History

Nessos pounds the earth with his hooves.
Nessos shoots an arrow.
The arrow hits you but does no damage.
You see here an arrow.
You are no longer berserk.
You pass out from exhaustion.
You feel yourself slow down.
You feel sick.
Nessos shoots an arrow.
The arrow hits you!!
* * * LOW HITPOINT WARNING * * *
The arrow burns you.
You are more poisoned.
* * * LOW HITPOINT WARNING * * *
You feel sick.
Nessos shoots an arrow.
The arrow hits you!
* * * LOW HITPOINT WARNING * * *
The arrow burns you.
You are lethally poisoned!
* * * LOW HITPOINT WARNING * * *
* * * LOW HITPOINT WARNING * * *
You feel very sick.
Nessos shoots an arrow.
The arrow hits you.
You die...

##..##.### #.........
#........# #####........
#####....### ####.##.........
#.......###.........#.#...
#P.<....................###.
.........................###
.......................P.##.#
#...................#..P.###.
.........c.@(..(....P.......
............(((..#.PP......
..............###........
............# ##..####.
....#.....P## #...# ##
....#....### #..## .###.#####
##..### ## #.....# ##....#


You could see Nessos.

Vanquished Creatures
  Gastronok (Lair:2)
  Harold (D:9)
  3 hydras
  Erica (Lair:2)
  Urug (D:10)
  Nergalle (Lair:4)
  Pikel (D:7)
  A wolf spider (D:9)
  A centaur zombie (D:10)
  Maurice (D:8)
  An elephant (D:11)
  Joseph (D:7)
  3 black mambas
  Psyche (D:9)
  6 spiny frogs
  The ghost of ultracola the Chopper, a novice FoAK of Lugonu (D:4)
  The ghost of Balloon the Chopper, a novice DsGl of Qazlal (D:5)
  A komodo dragon (Lair:4)
  A demonic crawler (Lair:2)
  3 trolls
  A queen bee (D:11)
  Prince Ribbit (Lair:3)
  Grinder (D:3)
  A slime creature (D:9)
  13 blink frogs
  4 hippogriffs
  4 dream sheep (Lair:2)
  A redback (Lair:2)
  2 wyverns (D:9)
  20 yaks
  A basilisk (Lair:2)
  A hungry ghost (D:7)
  Menkaure (D:6)
  4 water moccasins
  14 porcupines
  A black bear (D:11)
  An ice beast (D:9)
  2 necrophages (D:8)
  5 orc warriors
  2 phantoms
  4 ogres
  4 wolves (Lair:4)
  5 centaurs
  7 crocodiles
  A gnoll sergeant (D:10)
  2 big kobolds
  11 bullfrogs
  3 scorpions
  21 killer bees
  2 electric eels (D:11)
  5 crimson imps
  4 howler monkeys
  5 jellies
  4 bullfrog zombies
  8 hounds
  8 orc wizards
  3 orc priests
  Crazy Yiuf (D:4)
  4 bullfrog skeletons
  Jessica (D:3)
  3 iguanas
  12 worker ants
  A hound zombie (D:5)
  3 worker ant zombies
  Robin (D:3)
  15 gnolls
  10 adders
  7 shadow imps
  2 oozes
  A worm (D:3)
  A dart slug (D:3)
  2 leopard geckos
  40 orcs
  4 giant cockroaches
  10 goblins
  9 hobgoblins
  5 jackals
  17 kobolds
  4 quokkas
  A ball python (D:6)
  2 bats (D:1)
  6 frilled lizards
  A quokka simulacrum (D:9)
  6 rats
377 creatures vanquished.

Vanquished Creatures (collateral kills)
  3 elephants (Lair:2)
  2 trolls (D:11)
  A hippogriff (D:11)
  An eye of draining (D:11)
  A crocodile (D:11)
  5 killer bees (D:11)
13 creatures vanquished.

Vanquished Creatures (others)
  A slave (D:9)
  An orc wizard (D:8)
  3 fungi
  2 plants (Lair:1)
7 creatures vanquished.

Grand Total: 397 creatures vanquished

Notes
Turn   | Place    | Note
-------+----------+-------------------------------------------
     0 | D:1      | Felrender the Demonspawn Fighter began the quest for the
                  | Orb.
     0 | D:1      | Reached XP level 1. HP: 18/18 MP: 1/1
   198 | D:1      | Reached skill level 3 in Armour
   557 | D:2      | Gained mutation: When seriously injured, your bleeding
                  | wounds create armour. (AC +12) [demonic ancestry]
   557 | D:2      | Reached XP level 2. HP: 23/24 MP: 2/2
   898 | D:2      | Reached XP level 3. HP: 22/29 MP: 3/3
  1190 | D:2      | You fall through a shaft for 2 floors!
  1198 | D:4      | Gained mutation: You regenerate a little health from kills.
                  | [demonic ancestry]
  1198 | D:4      | Reached XP level 4. HP: 35/35 MP: 4/4
  1333 | D:3      | Noticed Jessica
  1333 | D:3      | Noticed an ogre
  1333 | D:3      | Noticed Grinder
  1346 | D:3      | Killed an ogre
  1346 | D:3      | Reached skill level 4 in Armour
  1346 | D:3      | Gained mutation: You have a pair of small antennae on your
                  | head. [demonic ancestry]
  1346 | D:3      | Reached XP level 5. HP: 22/41 MP: 5/5
  1348 | D:3      | Killed Jessica
  1366 | D:3      | Paralysed by Grinder for 3 turns
  1372 | D:3      | Paralysed by Grinder for 7 turns
  1382 | D:3      | Killed Grinder
  1382 | D:3      | Gained mutation: When seriously injured, your bleeding
                  | wounds create thick armour. (AC +12) [demonic ancestry]
  1382 | D:3      | Reached XP level 6. HP: 39/48 MP: 6/6
  1512 | D:3      | Noticed Robin
  1566 | D:3      | Killed Robin
  2188 | D:4      | Reached XP level 7. HP: 51/54 MP: 7/7
  2216 | D:4      | Found a transporter.
  2226 | D:4      | Noticed ultracola's ghost (novice FoAK)
  2234 | D:4      | Found a transporter.
  2508 | D:4      | You fall through a shaft for 3 floors!
  2522 | D:7      | Noticed a hungry ghost
  2559 | D:7      | Killed a hungry ghost
  2559 | D:7      | Reached skill level 5 in Armour
  2633 | D:7      | Noticed Pikel
  2668 | D:7      | Killed Pikel
  2668 | D:7      | Reached skill level 5 in Long Blades
  2668 | D:7      | Reached skill level 6 in Armour
  2668 | D:7      | Reached skill level 1 in Dodging
  2668 | D:7      | Reached XP level 8. HP: 57/61 MP: 8/8
  2865 | D:5      | Entered Level 5 of the Dungeon
  2929 | D:4      | Found a runed door.
  3416 | D:4      | Noticed Crazy Yiuf
  3424 | D:4      | Killed Crazy Yiuf
  3526 | D:4      | Reached skill level 5 in Shields
  3535 | D:4      | Killed ultracola's ghost
  3535 | D:4      | Reached skill level 7 in Armour
  3628 | D:5      | Got a shimmering quarterstaff
  3642 | D:5      | Identified the cursed +3 quarterstaff of the Heavens
                  | {flame, rN+} (You found it on level 5 of the Dungeon)
  3841 | D:5      | Found a runed gate.
  3842 | D:5      | Found a runed gate.
  3843 | D:5      | Found a runed gate.
  3843 | D:5      | Noticed Balloon's ghost (novice DsGl)
  3855 | D:5      | Gained mutation: You regenerate health from kills. [demonic
                  | ancestry]
  3855 | D:5      | Reached XP level 9. HP: 67/67 MP: 9/9
  3865 | D:5      | Killed Balloon's ghost
  3865 | D:5      | Reached skill level 1 in Staves
  3865 | D:5      | Reached skill level 1 in Unarmed Combat
  4010 | D:5      | Found a snail-covered altar of Cheibriados.
  4280 | D:6      | Reached skill level 5 in Fighting
  4375 | D:6      | Found a staircase to the Ecumenical Temple.
  4478 | Temple   | Entered the Ecumenical Temple
  4747 | Temple   | Became a worshipper of Trog the Wrathful
  4813 | D:6      | Noticed Menkaure
  4825 | D:6      | Killed Menkaure
  5299 | D:7      | Noticed Joseph
  5349 | D:7      | Killed Joseph
  5349 | D:7      | Reached skill level 8 in Armour
  5805 | D:8      | Noticed a troll
  5823 | D:8      | Killed a troll
  5823 | D:8      | Gained mutation: When seriously injured, your bleeding
                  | wounds create very thick armour. (AC +12) [demonic
                  | ancestry]
  5823 | D:8      | Reached XP level 10. HP: 47/74 MP: 10/10
  5831 | D:8      | Reached * piety under Trog
  5897 | D:8      | Reached skill level 5 in Staves
  5958 | D:8      | Noticed Maurice
  6174 | D:8      | Killed Maurice
  6415 | D:9      | Reached ** piety under Trog
  6459 | D:9      | Noticed Psyche
  6463 | D:9      | Killed Psyche
  6511 | D:9      | Noticed Harold
  6536 | D:9      | Killed Harold
  6808 | D:9      | Identified the Guide on Captivating Cold
  6819 | D:9      | Noticed a wolf spider
  6850 | D:9      | Killed a wolf spider
  6894 | D:9      | Got a pair of distressingly furry gloves
  6915 | D:9      | Identified the cursed -4 pair of gloves of Ylumpoar {-Cast
                  | rPois rCorr} (You found it on level 9 of the Dungeon)
  6984 | D:9      | Reached XP level 11. HP: 66/81 MP: 11/11
  7127 | D:10     | Entered Level 10 of the Dungeon
  7307 | D:10     | Reached *** piety under Trog
  7615 | D:10     | Noticed Urug
  7642 | D:10     | Killed Urug
  7792 | D:10     | Reached skill level 9 in Armour
  7962 | D:10     | Found a staircase to the Orcish Mines.
  8255 | Orc:1    | Entered Level 1 of the Orcish Mines
  8434 | Orc:2    | Entered Level 2 of the Orcish Mines
  8435 | Orc:2    | Noticed a stone giant
  8523 | D:11     | Reached **** piety under Trog
  8649 | D:11     | Found a shattered altar of Ashenzari.
  8748 | D:11     | Found a staircase to the Lair.
  9372 | Lair:1   | Entered Level 1 of the Lair of Beasts
  9672 | Lair:1   | Noticed a four-headed hydra
  9672 | Lair:1   | Noticed a four-headed hydra
  9724 | Lair:1   | Killed a four-headed hydra
  9727 | Lair:1   | Killed a four-headed hydra
  9727 | Lair:1   | Reached skill level 1 in Stealth
  9727 | Lair:1   | Gained mutation: You are slightly more attuned to the
                  | shadows. [demonic ancestry]
  9727 | Lair:1   | Reached XP level 12. HP: 60/91 MP: 12/12
 10251 | Lair:2   | Noticed Erica
 10261 | Lair:2   | Killed Erica
 10305 | Lair:2   | Reached skill level 10 in Staves
 10366 | Lair:2   | Reached skill level 10 in Armour
 10877 | Lair:2   | Found a hole to the Spider Nest.
 10988 | Lair:2   | Noticed Gastronok
 11018 | Lair:2   | Killed Gastronok
 11539 | Spider:1 | Entered Level 1 of the Spider Nest
 11542 | Spider:1 | Noticed an entropy weaver
 11902 | Lair:3   | Noticed Prince Ribbit
 11903 | Lair:3   | Noticed a seven-headed hydra
 11933 | Lair:3   | Killed Prince Ribbit
 11942 | Lair:3   | Killed a two-headed hydra
 11942 | Lair:3   | Reached skill level 10 in Long Blades
 11968 | Lair:3   | Reached skill level 11 in Armour
 11968 | Lair:3   | Gained mutation: You have a pair of antennae on your head.
                  | [demonic ancestry]
 11968 | Lair:3   | Reached XP level 13. HP: 74/98 MP: 13/13
 12400 | Lair:4   | Noticed Nergalle
 12417 | Lair:4   | Killed Nergalle
 12417 | Lair:4   | Reached ***** piety under Trog
 12535 | Lair:4   | Found a staircase to the Swamp.
 13026 | Lair:4   | Noticed Nessos
 13042 | Lair:4   | HP: 4/99 [Nessos/arrow (1)]
 13043 | Lair:4   | HP: 1/99 [poisoned by Nessos]
 13043 | Lair:4   | Shot with an arrow by Nessos

Vault maps used:
D:1:      minmay_arrival_semitransparent, minivault_14, minmay_tetromino_t2
D:3:      uniq_grinder, uniq_jessica, uniq_robin
D:4:      first_ration, gammafunk_ghost_arena, uniq_crazy_yiuf_cottage
D:5:      cheibriados_altar_1, gammafunk_ghost_split, corexii_shack
D:6:      minmay_temple_entry_glass, uniq_menkaure
D:7:      uniq_pikel, uniq_joseph
D:8:      uniq_maurice
D:9:      onia_ninara_dug_in_and_dangerous, uniq_harold, uniq_psyche
D:10:     orc_0_dummy, uniq_urug
D:11:     david_lair_generic, basic_altar, david_nohive_1
Temple:   minmay_crystal_snake_temple
Lair:1:   lemuel_old_faithful, grunt_megastairs_2
Lair:2:   dummy_spider_entry, grunt_megastairs_4, uniq_gastronok, uniq_erica
Lair:3:   uniq_prince_ribbit2
Lair:4:   swamp_mist_pool, grunt_forest_small_clearings, serial_bayou_shore_b,
          grunt_megastairs_1, infiniplex_staircase_pool, lemuel_fruit_fields,
          uniq_nessos, uniq_nergalle
Spider:1: uniq_kirke, uniq_nikola, uniq_agnes
Orc:1:    bloody_trog
Orc:2:    st_orc_elflike, ebering_ghost_disaster_area

Skill      XL: |  1  2  3  4  5  6  7  8  9 10 11 12 |
---------------+-------------------------------------+-----
Armour         | 3 4 6 7 8 9 11 | 11.2
Long Blades    | 2 3 4 5 6 8 10 | 10.4
Shields        | 3 4 5 |  5.5
Fighting       | 4 5 6 7 8 |  8.7
Dodging        | 1 2 |  2.2
Staves         | 4 8 9 10 | 10.2
Unarmed Combat | 3 4 |  4.2
Stealth        | 1 2 |  2.9
Throwing       | |  0.3
Evocations     | |  0.5

Action                   |  1- 3 |  4- 6 |  7- 9 | 10-12 | 13-15 || total
-------------------------+-------+-------+-------+-------+-------++-------
Melee: Long sword        |   100 |   159 |   205 |       |       ||   464
       Quarterstaff      |       |       |   225 |   530 |       ||   755
       Double sword      |       |       |       |   172 |       ||   172
       Punch             |       |       |       |     7 |     1 ||     8
       Scimitar          |       |       |       |   165 |   113 ||   278
Throw: Tomahawk          |       |       |       |     3 |       ||     3
Invok: Trog's Hand       |       |       |       |     7 |     1 ||     8
       Berserk           |       |       |       |     5 |     1 ||     6
       Brothers in Arms  |       |       |       |     2 |     1 ||     3
Evoke: Wand              |       |       |       |     2 |       ||     2
  Use: Scroll            |     6 |     2 |    10 |     9 |     1 ||    28
       Potion            |       |     3 |     7 |    15 |       ||    25
 Stab: Invisible         |       |       |       |     5 |       ||     5
  Eat: Chunk             |     1 |       |    16 |    17 |     4 ||    38
       Ration            |       |     1 |     8 |     3 |     2 ||    14
Armor: Scale mail        |    14 |       |       |       |       ||    14
       Plate armour      |    41 |    94 |   371 |   812 |    78 ||  1396
Dodge: Dodged            |    16 |    16 |   140 |   420 |    37 ||   629
Block: Shield            |    47 |    78 |   113 |       |       ||   238
       Rpst.: Long sword |     5 |     3 |    14 |       |       ||    22
       Double sword      |       |       |       |    31 |       ||    31
       Scimitar          |       |       |       |    19 |    13 ||    32

Table legend:
 A = Non-vault XP
 B = Vault XP
 C = Vault XP percentage of total XP
 D = Non-vault monster count
 E = Vault monster count
 F = Vault count percentage of total count
                 A         B        C        D         E       F
            +---------+---------+-------+---------+---------+-------
      Total |   27661 |   16249 |  37.0 |     312 |      79 |  20.2
            +---------+---------+-------+---------+---------+-------
        D:1 |      10 |       1 |   9.1 |       6 |       1 |  14.3
        D:2 |      83 |       0 |   0.0 |      16 |       0 |   0.0
        D:3 |     223 |     351 |  61.1 |      22 |      14 |  38.9
        D:4 |     296 |     513 |  63.4 |      14 |       5 |  26.3
        D:5 |     314 |     492 |  61.0 |      11 |       5 |  31.2
        D:6 |    1001 |     165 |  14.2 |      41 |       1 |   2.4
        D:7 |     751 |    1134 |  60.2 |      15 |       2 |  11.8
        D:8 |    1794 |     493 |  21.6 |      31 |       1 |   3.1
        D:9 |    1030 |    2566 |  71.4 |      23 |       8 |  25.8
       D:10 |    2086 |     851 |  29.0 |      37 |       1 |   2.6
       D:11 |    1553 |    1693 |  52.2 |      20 |      19 |  48.7
     Lair:1 |    4751 |    1388 |  22.6 |      18 |       7 |  28.0
     Lair:2 |    5734 |    3962 |  40.9 |      22 |       5 |  18.5
     Lair:3 |    3459 |    1358 |  28.2 |      11 |       5 |  31.2
     Lair:4 |    3935 |    1282 |  24.6 |      19 |       5 |  20.8
      Orc:1 |     641 |       0 |   0.0 |       6 |       0 |   0.0
            +---------+---------+-------+---------+---------+-------
